 Dungeon Crawl Stone Soup version 0.22.0-38-g04b72b8c25 (webtiles) character file.

16 Freyura the Vexing (level 2, -1/11 HPs)
             Began as a Felid Enchanter on Aug 29, 2018.
             Slain by an adder (3 damage)
             ... on level 2 of the Dungeon.
             The game lasted 00:02:00 (1427 turns).

Freyura the Vexing (Felid Enchanter)                Turns: 1427, Time: 00:02:01

Health: -1/11      AC:  1    Str:  4    XL:     2   Next: 37%
Magic:  6/6        EV: 18    Int: 16    God:
Gold:   70         SH:  0    Dex: 16    Spells: 4/5 levels left
                                        Lives:  0   Deaths: 0

rFire    . . .     SeeInvis +     - Unarmed
rCold    . . .     Gourm    .   (shield unavailable)
rNeg     . . .     Faith    .   (armour unavailable)
rPois    .         Spirit   .   (helmet unavailable)
rElec    .         Reflect  .   (cloak unavailable)
rCorr    .         Harm     .   (gloves unavailable)
MR       .....                  (boots unavailable)
Stlth    +++.......             (no amulet)
HPRegen  0.03/turn              (no ring)
MPRegen  0.10/turn              (no ring)

@: lethally poisoned (-1 -> -8), quick
A: very small, no armour, no weapons or thrown items, stealth, claws 1, fangs 3,
see invisible, carnivore, speed 1, shaggy fur 1, slow metabolism 1, sharp paws
a: no special abilities


You were on level 2 of the Dungeon.
You were not hungry.

You visited 1 branch of the dungeon, and saw 2 of its levels.

You collected 70 gold pieces.

Inventory:

Jewellery
 g - an uncursed amulet of guardian spirit {unknown}
 h - an uncursed ring of magical power {unknown}
Scrolls
 a - a scroll of teleportation {unknown}
 e - a scroll of identify {unknown}
 f - a scroll of remove curse {unknown}
Potions
 c - a potion of agility {unknown}
 d - 2 potions of magic {unknown}
Comestibles
 b - 3 rations


   Skills:
 + Level 2.9 Dodging
 + Level 4.5 Stealth
 + Level 1.1 Unarmed Combat
 + Level 2.1 Spellcasting
 + Level 4.6 Hexes


You had 4 spell levels left.
You knew the following spells:

 Your Spells              Type           Power        Failure   Level  Hunger
a - Corona                Hex            ###....      3%          1    #......

Your spell library contained the following spells:

 Spells                   Type           Power        Failure   Level  Hunger
 Confuse                  Hex            ###.....     9%          3    ###....
 Tukima's Dance           Hex            ###.....     9%          3    ###....
 Ensorcelled Hibernation  Hex/Ice        #.....       12%         2    ###....
 Dazzling Spray           Conj/Hex       #.....       24%         3    ###....


Dungeon Overview and Level Annotations

Branches:
Dungeon (2/15)

Altars:
Fedhas


Innate Abilities, Weirdness & Mutations

You cannot wear armour.
You are incapable of wielding weapons or throwing items.
Your paws allow you to move quietly. (Stealth)
You have sharp claws.
You have razor-sharp teeth.
You have supernaturally acute eyesight. (SInv)
You are carnivorous and can eat meat at any time.
You cover ground quickly.
You are covered in fur. (AC +1)
You have a slow metabolism.
Your sharp claws are effective at attacking unaware monsters.


Message History

The adder is lightly wounded.
You feel sick. The adder bites you but does no damage.
You scratch the adder.
The adder is heavily wounded.
The goblin barely misses you. The adder completely misses you.
You barely miss the adder.
The adder is heavily wounded.
* * * LOW HITPOINT WARNING * * *
You feel sick. The adder barely misses you. The goblin misses you.
The adder completely misses you.
* * * LOW HITPOINT WARNING * * *
You feel sick.
You barely miss the adder.
The adder is heavily wounded.
The adder bites you.
* * * LOW HITPOINT WARNING * * *
You barely miss the adder.
The adder is heavily wounded.
The adder bites you.
You die...

#...l..#....#
#..........#######
#................#
#......(.#.# #.#
##.....#.#.# #.#
##...##.(# ####.####
........g## #.......#
.###.....S###.##.##.#
#..####@##.#...#.##.#
#.. #......_......#
#. ####.#...#.#### #
#.##.##.# #.......#
####.#### ####.#
######..#.##.#
.............#


You could see an adder and a goblin.

Vanquished Creatures
  A bat (D:1)
  3 giant cockroaches (D:1)
  A goblin (D:1)
  3 hobgoblins (D:1)
  A kobold (D:1)
  A frilled lizard (D:2)
  4 rats (D:1)
14 creatures vanquished.

Notes
Turn   | Place    | Note
-------+----------+-------------------------------------------
     0 | D:1      | Freyura the Felid Enchanter began the quest for the Orb.
     0 | D:1      | Reached XP level 1. HP: 7/7 MP: 4/4
   607 | D:1      | Reached XP level 2. HP: 6/11 MP: 6/6
  1387 | D:2      | Found a blossoming altar of Fedhas.
  1427 | D:2      | Slain by an adder

Action                   || total
-------------------------++-------
Melee: Unarmed           ||    61
       Bite              ||     9
 Stab: Sleeping          ||     2
Armor: Skin              ||     5
Dodge: Dodged            ||    51
